 Dungeon Crawl Stone Soup version 0.27-a0-1456-gf5a116941d (webtiles) character file.

Game seed: 551709683888139195

3600 Arzdou the Protected (level 9, -1/83 HPs)
             Began as a Minotaur Berserker on July 5, 2021.
             Was an Elder of Trog.
             Shot with a bolt by a kobold (9 damage)
             ... on level 7 of the Dungeon.
             The game lasted 00:17:59 (6559 turns).

Arzdou the Protected (Minotaur Berserker)           Turns: 6559, Time: 00:18:00

Health: -1/83      AC:  8    Str: 22    XL:     9   Next: 85%
Magic:  8/8        EV: 12    Int:  4    God:    Trog [****..]
Gold:   485        SH:  0    Dex: 13    Spells: 8/8 levels left

rFire    . . .     SeeInvis +   h - +0 hand axe (elec)
rCold    . . .     Faith    .   (no shield)
rNeg     . . .     Spirit   .   u - +0 scale mail
rPois    .         Reflect  .   (helmet restricted)
rElec    .         Harm     .   (no cloak)
rCorr    .         Rampage  .   (no gloves)
Will     +....                  (no boots)
Stlth    ..........             i - amulet of regeneration
HPRegen  1.23/turn              x - ring of see invisible
MPRegen  0.11/turn              o - ring of willpower

@: lethally poisoned (-1 -> -8), marked, on berserk cooldown, slowed, very slow
A: horns 2, retaliatory headbutt
a: Renounce Religion, Berserk, Trog's Hand, Brothers in Arms


You were on level 7 of the Dungeon.
You worshipped Trog.
Trog was greatly pleased with you.
You visited 1 branch of the dungeon, and saw 7 of its levels.
You also visited: Sewer.

You collected 485 gold pieces.

Inventory:

Hand Weapons
 h - a +0 hand axe of electrocution (weapon)
 y - a +0 war axe
Missiles
 m - 128 stones (quivered)
 D - 5 boomerangs of dispersal
Armour
 l - a +2 robe of fire resistance
 u - a +0 scale mail (worn)
 A - the +0 robe "Reliwad" {Harm Dex+4 Slay+2 SInv}
   (You found it on level 6 of the Dungeon)

   Dex:       It affects your dexterity (+4).
   Slay:      It affects your accuracy & damage with ranged weapons and melee
   (+2).
   SInv:      It lets you see invisible.
   Harm:      It increases damage dealt and taken.
Jewellery
 i - an amulet of regeneration (around neck)
 o - a ring of willpower (right hand)
 q - a ring of magical power
 x - a ring of see invisible (left hand)
 C - a ring of wizardry
Wands
 r - a wand of iceblast (18)
 s - a wand of paralysis (9)
 B - a wand of flame (11)
Scrolls
 a - a scroll of acquirement {unknown}
 b - a scroll of vulnerability {unknown}
 f - 4 scrolls of teleportation
 g - a scroll of blinking
 j - 2 scrolls of immolation {unknown}
 k - a scroll of noise {unknown}
 t - a scroll of magic mapping {unknown}
 v - a scroll of amnesia {unknown}
 w - a scroll of enchant weapon {unknown}
 z - 2 scrolls of identify
 E - a scroll of silence {unknown}
Potions
 c - a potion of ambrosia {unknown}
 d - 3 potions of curing
 e - a potion of flight {unknown}
 n - a potion of brilliance
 p - a potion of haste


   Skills:
 * Level 9.2 Fighting
 + Level 10.0 Axes
 * Level 10.1 Armour
 + Level 5.5 Dodging


You had 8 spell levels left.
You didn't know any spells.
Your spell library was empty.

Dungeon Overview and Level Annotations

Branches:
Dungeon (7/15)             Temple (0/1) D:7           Sewer (visited)

Altars:
Ashenzari
Dithmenos
Fedhas
Hepliaklqana
Okawaru
Wu Jian
Xom

Shops:
D:2 !


Innate Abilities, Weirdness & Mutations

You have a pair of horns on your head.
You reflexively headbutt those who attack you in melee.


Message History

You are no longer poisoned.
You hit Harold.
Harold is almost dead.
The kobold shoots a bolt.
The bolt barely misses you. Harold casts a spell at you.
A sentinel's mark forms upon you.
You slash Harold!
You kill Harold!
Trog accepts your kill.
Trog appreciates your killing of a magic user.
Harold groans, "My... family..." and then collapses, dead.
You hear a splash. x4
The kobold shoots a bolt.
The bolt barely misses you.
The kobold brigand throws a curare-tipped dart.
The curare-tipped dart hits you.
You are poisoned.
You have difficulty breathing.
* * * LOW HITPOINT WARNING * * *
You feel as though you will be slow longer.
Your Fighting skill increases to level 9!
Your Axes skill increases to level 10!
Your Armour skill increases to level 10!
You feel very sick.
The kobold shoots a bolt.
The bolt barely misses you.
The kobold brigand throws a curare-tipped dart.
The curare-tipped dart hits you.
You are more poisoned.
You have difficulty breathing.
* * * LOW HITPOINT WARNING * * *
You feel as though you will be slow longer.
You feel a strong urge to attack something.
You feel very sick.
The kobold shoots a bolt.
The bolt misses you.
You are no longer berserk.
You are exhausted.
You feel as though you will be slow longer.
* * * LOW HITPOINT WARNING * * *
You feel very sick.
The kobold shoots a bolt.
The bolt hits you!
You die...

#.#...#.........# .#
#...§.≈≈≈≈#.....# ###.#
.>...§≈≈≈≈§§...# #.. #
###.#≈§§..≈§§#..# #.###
....≈≈. ..§≈≈..## #....
.##..≈≈.##(.≈≈...#######.###
.....≈≈#.#.#≈≈.........#...#
##'..≈≈))##.≈≈...#.....###.#
....K≈§§...@≈≈..##.........#
.....#§≈≈..≈§§#.##.....#####
......K≈≈≈≈§§§..##..........
.......#≈≈≈§§§..)...........
...........#....##........[.
................##..........
.....................##.....
.###########..)......###.###
#.........# #.#


You could see a kobold brigand and a kobold.

Vanquished Creatures
  Harold (D:7)
  A hornet (D:7)
  Grinder (D:6)
  Sigmund (D:2)
  2 steam dragons (D:7)
  Menkaure (D:7)
  Duvessa (D:6)
  2 ice beasts
  3 sky beasts (D:7)
  2 centaurs
  3 phantoms
  3 bullfrogs
  2 gnoll sergeants
  A water moccasin zombie (D:5)
  Dowan (D:6)
  2 howler monkeys
  A bullfrog zombie (D:7)
  3 hounds
  3 jellies
  An orc priest (D:3)
  2 bullfrog skeletons
  2 iguanas
  A hound skeleton (D:5)
  6 adders
  A shadow imp (D:6)
  2 adder skeletons (D:4)
  A worm (D:3)
  8 orcs
  6 endoplasms
  13 giant cockroaches
  6 goblins
  8 hobgoblins
  12 jackals
  9 quokkas
  14 ball pythons
  3 bats (D:1)
  4 frilled lizards
  14 kobolds
  6 rats
153 creatures vanquished.

Vanquished Creatures (others)
  A kobold (D:7)
  A plant (D:1)
2 creatures vanquished.

Grand Total: 155 creatures vanquished

Notes
Turn   | Place    | Note
-------+----------+-------------------------------------------
     0 | D:1      | Arzdou the Minotaur Berserker began the quest for the Orb.
     0 | D:1      | Reached XP level 1. HP: 19/19 MP: 0/0
   212 | D:1      | Reached XP level 2. HP: 26/27 MP: 1/1
   275 | D:1      | Found a faded altar of an unknown god.
   795 | D:1      | Reached XP level 3. HP: 30/34 MP: 2/2
  1232 | D:2      | Reached ** piety under Trog
  1577 | D:2      | Reached XP level 4. HP: 38/41 MP: 3/3
  1587 | D:2      | Found Qoefeon's Distillery.
  1671 | D:2      | Noticed Sigmund
  1679 | D:2      | Killed Sigmund
  1680 | D:2      | Reached skill level 5 in Fighting
  1680 | D:2      | Reached skill level 5 in Axes
  1680 | D:2      | Reached XP level 5. HP: 49/49 MP: 4/4
  2552 | D:3      | Reached XP level 6. HP: 56/57 MP: 5/5
  2869 | D:3      | Found a glowing drain.
  2874 | Sewer    | Entered a sewer
  2904 | Sewer    | Reached *** piety under Trog
  3804 | D:4      | Reached XP level 7. HP: 64/64 MP: 6/6
  4256 | D:5      | Entered Level 5 of the Dungeon
  4278 | D:5      | Found a hazy altar of Hepliaklqana.
  4285 | D:5      | Found a broken altar of Ashenzari.
  4641 | D:5      | Reached skill level 5 in Armour
  4642 | D:5      | Reached **** piety under Trog
  4644 | D:5      | Reached XP level 8. HP: 41/73 MP: 7/7
  4971 | D:5      | Found an ornate altar of the Wu Jian Council.
  4973 | D:5      | Found a shimmering altar of Xom.
  4975 | D:5      | Found a blossoming altar of Fedhas.
  4975 | D:5      | Found a shadowy altar of Dithmenos.
  4976 | D:5      | Found an iron altar of Okawaru.
  5098 | D:6      | Noticed Dowan
  5099 | D:6      | Noticed Duvessa
  5102 | D:6      | Killed Dowan
  5106 | D:6      | Killed Duvessa
  5361 | D:6      | Noticed Grinder
  5373 | D:6      | Killed Grinder
  5444 | D:6      | Identified the +0 robe "Reliwad" {Harm Dex+4 Slay+2 SInv}
  5752 | D:7      | Reached skill level 5 in Dodging
  5778 | D:7      | Noticed a hornet
  5782 | D:7      | Killed a hornet
  5891 | D:7      | Reached XP level 9. HP: 80/81 MP: 8/8
  5946 | D:7      | Noticed Menkaure
  5955 | D:7      | Killed Menkaure
  5988 | D:7      | Found a staircase to the Ecumenical Temple.
  6538 | D:7      | Noticed Harold
  6556 | D:7      | Killed Harold
  6557 | D:7      | Reached skill level 10 in Axes
  6557 | D:7      | Reached skill level 10 in Armour
  6559 | D:7      | Shot with a bolt by a kobold

Illustrated notes

Levels and vault maps discovered:
D:1:      lightli_arrival_statue_moat, layout_basic,
          hellmonk_ecumenical_altar_lost_god, minmay_shallow_snake_nest
D:2:      layout_basic, serial_shops, shop_fountains, serial_co_window_serial,
          co_window_corner_a, co_window_corner_a, co_window_paths_a,
          co_window_of_opportunity_a, co_window_paths_b, co_window_paths_b,
          co_window_corner_a, co_window_2corner, co_window_broadway_a,
          co_window_of_opportunity_b, co_window_unsneaky_path_d,
          co_window_paths_d, glass_columns_a, glass_columns_b, glass_columns_a,
          glass_columns_a, glass_columns_a, uniq_sigmund
D:3:      layout_rooms, portal_sewer_entry_e, chequers_jeans,
          minmay_misc_feat_four_crosses
D:4:      layout_basic
D:5:      layout_rooms, grunt_temple_overflow_open, minmay_puff
D:6:      layout_basic, fountainhead, uniq_grinder, uniq_duvessa
D:7:      layout_basic, temple_hall, gammafunk_ghost_nasty_kobolds,
          minmay_misc_feat_ornament, abandoned_shop, hangedman_misty_isle,
          uniq_menkaure, uniq_harold

Skill      XL: |  1  2  3  4  5  6  7  8  9 |
---------------+----------------------------+-----
Fighting       | 4 5 6 7 8 9 |  9.2
Axes           | 4 5 6 7 9 10 | 10.0
Armour         | 3 4 5 7 10 | 10.1
Dodging        | 3 4 5 |  5.5

Action                   |  1- 3 |  4- 6 |  7- 9 || total
-------------------------+-------+-------+-------++-------
Melee: Hand axe          |    77 |   121 |   129 ||   327
       Headbutt          |     8 |    18 |    25 ||    51
Invok: Berserk           |     4 |     5 |    10 ||    19
       Trog's Hand       |       |     1 |     1 ||     2
  Use: Scroll            |       |     4 |     2 ||     6
 Stab: Sleeping          |     1 |       |     1 ||     2
Armor: Animal skin       |    14 |     1 |       ||    15
       Robe              |       |    33 |     3 ||    36
       Scale mail        |       |       |    25 ||    25
Dodge: Dodged            |    46 |    78 |    84 ||   208

Table legend: (Time is in decaauts)
 A = Elapsed time spent in this place.
 B = Non-inter-level travel time spent in this place.
 C = Inter-level travel time spent in this place.
 D = Time resting spent in this place.
 E = Time spent auto-exploring this place.
 F = Levels seen in this place.
 G = Mean time per level.
                   A        B        C        D        E       F      G
               +--------+--------+--------+--------+--------+-----+--------+
         Total |   6853 |   6404 |    449 |    828 |   4380 |   8 |  856.6 |
       Dungeon |   6158 |   5709 |    449 |    804 |   3992 |   7 |  879.7 |
         Sewer |    694 |    694 |      0 |     23 |    388 |   1 |  694.0 |
               +--------+--------+--------+--------+--------+-----+--------+

Top non-repeatable levels by time:
     D:2: 1405 daAuts
     D:1: 1130 daAuts
     D:7: 893 daAuts
     D:4: 775 daAuts
   Sewer: 694 daAuts
     D:6: 694 daAuts
     D:5: 680 daAuts
     D:3: 579 daAuts
